 Dungeon Crawl Stone Soup version 0.25-a0-578-gc91f01c39c (webtiles) character file.

Game seed: 481179082043745899, levelgen mode: deterministic

114 Flugslaktarn the Shield-Bearer (level 4, -1/41 HPs)
             Began as a Minotaur Fighter on Mar 3, 2020.
             Slain by a gnoll
             ... wielding a +0 halberd
              (3 damage)
             ... on level 3 of the Dungeon.
             The game lasted 00:00:36 (1072 turns).

Flugslaktarn the Shield-Bearer (Minotaur Fighter)   Turns: 1072, Time: 00:00:36

Health: -1/41      AC:  8    Str: 21    XL:     4   Next: 66%
Magic:  3/3        EV:  7    Int:  5    God:
Gold:   62         SH:  9    Dex: 10    Spells: 3/3 levels left

rFire    . . .     SeeInvis .   a - +0 war axe
rCold    . . .     Gourm    .   c - +0 kite shield
rNeg     . . .     Faith    .   b - +0 scale mail
rPois    .         Spirit   .   (helmet restricted)
rElec    .         Reflect  .   (no cloak)
rCorr    .         Harm     .   (no gloves)
MR       .....                  h - +0 pair of boots
Stlth    ..........             (no amulet)
HPRegen  0.13/turn              (no ring)
MPRegen  0.08/turn              (no ring)

@: no status effects
A: retaliatory headbutt, horns 2
a: no special abilities


You were on level 3 of the Dungeon.
You were not hungry.

You visited 1 branch of the dungeon, and saw 3 of its levels.

You collected 62 gold pieces.

Inventory:

Hand Weapons
 a - a +0 war axe (weapon)
Armour
 b - a +0 scale mail (worn)
 c - a +0 kite shield (worn)
 h - a +0 pair of boots (worn)
   (You found it on level 2 of the Dungeon)
Scrolls
 f - 4 scrolls of identify {unknown}
Potions
 d - a potion of might
 i - a potion of haste {unknown}
 j - a potion of brilliance {unknown}
 k - a potion of flight {unknown}
Comestibles
 e - 6 rations
 g - 6 chunks of flesh


   Skills:
 + Level 4.3 Fighting
 * Level 4.2 Axes
 + Level 4.3 Armour
 + Level 4.4 Shields


You had 3 spell levels left.
You didn't know any spells.
Your spell library was empty.

Dungeon Overview and Level Annotations

Branches:
Dungeon (3/15)

Altars:


Innate Abilities, Weirdness & Mutations

You reflexively headbutt those who attack you in melee.
You have a pair of horns on your head.


Message History

You are too injured to fight recklessly!
You are too injured to fight recklessly!
You are too injured to fight recklessly!
You are too injured to fight recklessly!
You are too injured to fight recklessly!
You are too injured to fight recklessly!
You block the gnoll's attack. The gnoll hits you with a +0 halberd!
* * * LOW HITPOINT WARNING * * *
You barely miss the gnoll.
The gnoll is heavily wounded.
You hit the gnoll. You block the gnoll's attack. x3
You hit the gnoll but do no damage. Your headbutt misses the gnoll.
The gnoll is heavily wounded.
You barely miss the gnoll. The gnoll closely misses you.
The gnoll hits you but does no damage. x2
You barely miss the gnoll. Your headbutt misses the gnoll.
The gnoll is heavily wounded.
You hit the gnoll. The gnoll hits you with a +0 halberd.
You die...

.###.# #..#
#.#.############'##
.....#............#
##.#.'.........#..#
#.###..######.#..#
#. #..# # #..# #.
#..# #..# #. #รท.#
#..# ## #..# #@.#
#..# #gg#
#..########gg###
#............'.#
#............#..?.#
##'##############.#
####..#.##.# #
..#....##.#
####.#.#####.#


You could see 4 gnolls.

Vanquished Creatures
  A crimson imp (D:3)
  5 adders
  A worm (D:2)
  3 leopard geckos
  4 bats
  3 goblins
  2 hobgoblins
  4 jackals (D:2)
  2 quokkas (D:3)
  2 frilled lizards
  2 kobolds
  3 rats
32 creatures vanquished.

Notes
Turn   | Place    | Note
-------+----------+-------------------------------------------
     0 | D:1      | Flugslaktarn the Minotaur Fighter began the quest for the
                  | Orb.
     0 | D:1      | Reached XP level 1. HP: 19/19 MP: 0/0
   115 | D:2      | Reached XP level 2. HP: 20/27 MP: 1/1
   450 | D:2      | Reached XP level 3. HP: 33/33 MP: 2/2
   774 | D:3      | Reached XP level 4. HP: 33/40 MP: 3/3
   857 | D:3      | Found a faded altar of an unknown god.
  1069 | D:3      | HP: 2/41 [gnoll/+0 halberd (8)]
  1072 | D:3      | Slain by a gnoll

Levels and vault maps discovered:
D:1:      dpeg_arrival_tiny_a, layout_loops_ring
D:2:      layout_loops_ring, first_ration, grunt_decor_clamped,
          grunt_ministairs_7
D:3:      layout_loops_ring, chequers_ecumenical_altar_simple,
          kennysheep_small_spiral

Skill      XL: |  1  2  3 |
---------------+----------+-----
Axes           | 3 4 |  4.2
Armour         | 4 |  4.3
Shields        | 4 |  4.4
Fighting       | 4 |  4.3

Action                   |  1- 3 |  4- 6 || total
-------------------------+-------+-------++-------
Melee: War axe           |    88 |    29 ||   117
       Headbutt          |     9 |     2 ||    11
  Eat: Chunk             |       |     1 ||     1
Armor: Scale mail        |    46 |    15 ||    61
Dodge: Dodged            |    21 |     9 ||    30
Block: Kite shield       |    54 |    20 ||    74

Table legend:
 A = Non-vault XP
 B = Vault XP
 C = Vault XP percentage of total XP
 D = Non-vault monster count
 E = Vault monster count
 F = Vault count percentage of total count
                 A         B        C        D         E       F
            +---------+---------+-------+---------+---------+-------
      Total |     163 |       0 |   0.0 |      32 |       0 |   0.0
            +---------+---------+-------+---------+---------+-------
        D:1 |       7 |       0 |   0.0 |       5 |       0 |   0.0
        D:2 |      66 |       0 |   0.0 |      16 |       0 |   0.0
        D:3 |      90 |       0 |   0.0 |      11 |       0 |   0.0
            +---------+---------+-------+---------+---------+-------
